 Dungeon Crawl Stone Soup version 0.21.1-1-g345015f (webtiles) character file.

364 timruff the Chopper (level 6, -8/73 HPs)
             Began as a Barachi Berserker on July 23, 2018.
             Was a Believer of Trog.
             Mangled by a gnoll
             ... wielding a +0 halberd
              (16 damage)
             ... on level 4 of the Dungeon.
             The game lasted 00:10:58 (3740 turns).

timruff the Chopper (Barachi Berserker)             Turns: 3740, Time: 00:10:58

Health: -8/73      AC:  9    Str: 26    XL:     6   Next: 67%
Magic:  6/6        EV:  9    Int:  7    God:    Trog [**....]
Gold:   160        SH:  0    Dex: 11    Spells: 5/5 levels left

rFire    . . .     SeeInvis .   i - +0 war axe
rCold    + . .     Gourm    .   (no shield)
rNeg     . . .     Faith    .   r - +0 chain mail (curse)
rPois    .         Spirit   .   (no helmet)
rElec    .         Reflect  .   (no cloak)
rCorr    .         Harm     .   (no gloves)
MR       ++...                  (no boots)
Stlth    ..........             (no amulet)
HPRegen  1.22/turn              m - ring of protection from cold
MPRegen  0.10/turn              (no ring)

@: berserking, regenerating, very quick
A: +LOS, swims, slowness 1, strong legs 1
a: Hop, Berserk, Trog's Hand, Burn Spellbooks, Renounce Religion


You were on level 4 of the Dungeon.
You worshipped Trog.
Trog was pleased with you.
You were near starving.

You visited 1 branch of the dungeon, and saw 4 of its levels.

You collected 160 gold pieces.

Inventory:

Hand Weapons
 a - a +0 hand axe
 i - a +0 war axe (weapon)
Armour
 b - a +0 animal skin
 k - a +1 ring mail
 r - a cursed +0 chain mail (worn)
Jewellery
 m - a ring of protection from cold (left hand)
 s - an uncursed ring of magical power {unknown}
Wands
 c - a wand of iceblast (8)
Scrolls
 d - a scroll of amnesia {unknown}
 g - a scroll of fog {unknown}
 o - a scroll of identify
 t - a scroll of random uselessness {unknown}
 u - a scroll of teleportation {unknown}
 v - a scroll of enchant weapon {unknown}
Potions
 e - 2 potions of flight {unknown}
 f - a potion of mutation {unknown}
 h - 2 potions of heal wounds {unknown}
 j - a potion of lignification {unknown}
 l - a potion of cancellation {unknown}
 n - a potion of brilliance {unknown}
 p - a potion of haste {unknown}
Comestibles
 q - 2 rations
 w - 2 chunks of flesh


   Skills:
 + Level 4.7 Fighting
 + Level 6.1 Axes
 * Level 4.2 Armour
 + Level 3.2 Dodging
 + Level 1.0 Stealth


You had 5 spell levels left.
You didn't know any spells.

Dungeon Overview and Level Annotations

Branches:
Dungeon (4/15)             Temple (0/1) D:4

Altars:

Annotations:
D:3 dscm's ghost, weakling HOFi


Innate Abilities, Weirdness & Mutations

Shadows flee at your approach. (+LOS)
You can swim through water.
You cover ground slowly.
You can hop short distances.


Message History

The gnoll completely misses you.
Your skin crawls.
You feel resistant to hostile enchantments.
You feel somewhat more hungry. The gnoll barely misses you.
The gnoll hits you with a halberd!
* * * LOW HITPOINT WARNING * * *
A red film seems to cover your vision as you go berserk!
You feel yourself moving faster!
You feel mighty!
You are near starving!
The gnoll misses you. The gnoll hits you but does no damage.
You slice the gnoll!!
You kill the gnoll!
Trog accepts your kill. The gnoll hits you but does no damage.
You see here a halberd.
Your chain mail prevents you from hitting the gnoll.
The gnoll hits you with a halberd!
* * * LOW HITPOINT WARNING * * *
You closely miss the gnoll. The gnoll hits you with a halberd!
You die...

.#.##.##.#
.#.##.##.#
.≈§≈..##.#
≈§§≈≈.##.#
≈≈≈≈§§.#.#
§≈>§§≈.#.###
§≈§§§≈.....#
≈≈§§≈....#.#
#########.#
.§≈≈.....#.#
#.@g......#
..#####..#.#
#)#########
### #.>..#
#.# ######
#.# #.# #.#
##########.#
#..........#
#.##########


You could see a gnoll.

Vanquished Creatures
  An ogre (D:2)
  A hound (D:4)
  An orc wizard (D:3)
  A worker ant (D:4)
  An iguana (D:4)
  5 adders
  2 gnolls (D:4)
  2 worms
  An adder skeleton (D:4)
  The ghost of dscm the Skirmisher, a weakling HOFi (D:4)
  2 dart slugs
  5 leopard geckos
  8 orcs (D:3)
  8 goblins
  6 hobgoblins
  4 jackals
  10 kobolds
  6 bats
  10 frilled lizards
  8 rats
83 creatures vanquished.

Notes
Turn   | Place    | Note
-------+----------+-------------------------------------------
     0 | D:1      | timruff the Barachi Berserker began the quest for the Orb.
     0 | D:1      | Reached XP level 1. HP: 18/18 MP: 1/1
   198 | D:1      | Reached XP level 2. HP: 24/25 MP: 2/2
   901 | D:1      | Reached ** piety under Trog
  1059 | D:1      | Reached XP level 3. HP: 26/30 MP: 3/3
  1346 | D:1      | Reached skill level 4 in Axes
  1829 | D:2      | Reached XP level 4. HP: 23/37 MP: 4/4
  1943 | D:2      | Noticed an ogre
  2198 | D:2      | Killed an ogre
  2198 | D:2      | Reached skill level 5 in Axes
  2198 | D:2      | Reached XP level 5. HP: 43/43 MP: 5/5
  3108 | D:3      | Reached *** piety under Trog
  3109 | D:3      | Noticed dscm's ghost (weakling HOFi)
  3109 | D:3      | Reached XP level 6. HP: 24/49 MP: 6/6
  3127 | D:4      | Reached skill level 1 in Stealth
  3401 | D:4      | Found a staircase to the Ecumenical Temple.
  3415 | D:4      | Reached skill level 6 in Axes
  3558 | D:4      | Noticed dscm's ghost (weakling HOFi)
  3567 | D:4      | Killed dscm's ghost
  3740 | D:4      | Mangled by a gnoll

Skill      XL: |  1  2  3  4  5  6 |
---------------+-------------------+-----
Fighting       | 4 |  4.7
Axes           | 4 5 6 |  6.1
Armour         | 3 4 |  4.2
Dodging        | 3 |  3.2
Stealth        | 1 |  1.0

Action                   |  1- 3 |  4- 6 || total
-------------------------+-------+-------++-------
Melee: Hand axe          |   117 |       ||   117
       War axe           |    20 |   144 ||   164
Invok: Berserk           |     2 |     4 ||     6
       Trog's Hand       |       |     4 ||     4
  Use: Scroll            |     2 |       ||     2
  Eat: Chunk             |     4 |     8 ||    12
       Ration            |       |     1 ||     1
Armor: Animal skin       |    23 |       ||    23
       Ring mail         |    16 |    20 ||    36
       Chain mail        |       |    72 ||    72
Dodge: Dodged            |   101 |    79 ||   180
